 Dungeon Crawl Stone Soup version 0.32-a0-893-gf85d74f360 (webtiles) character file.

Game seed: 1574794814742612455

131646 Foxy the Fetichist (level 17, -13/222 HPs)
             Began as a Coglin Berserker on Apr 4, 2024.
             Was a High Priest of Trog.
             Killed from afar by a frost giant (37 damage)
             ... with a bolt of cold
             ... on level 2 of the Depths.
             The game lasted 00:51:52 (23438 turns).

Foxy the Fetichist (Coglin Berserker)              Turns: 23438, Time: 00:51:53

Health: -13/222    AC: 14    Str: 24    XL:     17   Next: 10%
Magic:  17/17      EV: 22    Int: 10    God:    Trog [*****.]
Gold:   2331       SH:  0    Dex: 27    Spells: 16/16 levels left

rFire   + . .        Q - +8 whip "Conservator" {pain, Int+2}
rCold   . . .        U - +8 morningstar of the Fifty Hells {flame, rN+ Dex+7}
rNeg    + + .        L - +1 ring mail "Quolor" {rN+ Regen+}
rPois   .            M - +1 helmet
rElec   .            D - +0 cloak
rCorr   .            B - +1 pair of gloves {Dex+3}
SInv    .            J - +0 pair of boots of Ves Cuyrgh {Dex+3 Stlth+}
Will    +....        (amulet unavailable) Stlth
                     (ring unavailable)
HPRegen 1.37/turn    (ring unavailable)
MPRegen 0.15/turn    T - thermoadeledicnander core {Gadgeteer, rF+ Slay+3}

%: no passive effects
@: berserking (expiring), studying Evocations, revving, very quick
A: off-hand wielding, slow wielding, warmup strikes, no jewellery
a: Renounce Religion, Berserk, Trog's Hand, Brothers in Arms


You were on level 2 of the Depths.
You worshipped Trog.
Trog was extremely pleased with you.
You visited 5 branches of the dungeon, and saw 25 of its levels.
You also visited: Sewer and Ossuary.

You collected 2766 gold pieces.
You spent 435 gold pieces at shops.

Inventory:

Hand Weapons
 s - the +3 scimitar of the Puffball {freeze, rF+ rC- rN+ rCorr}
   (You found it in a sewer)

   rF+:       It protects you from fire.
   rC-:       It makes you vulnerable to cold.
   rN+:       It protects you from negative energy.
   rCorr:     It protects you from acid and corrosion.
 Q - the +8 whip "Conservator" (weapon) {pain, Int+2}
   (You found it on level 14 of the Dungeon)

   Int+2:     It affects your intelligence (+2).
 R - the +4 demon trident of Taxation {elec, rPois}
   (You found it on level 14 of the Dungeon)

   rPois:     It protects you from poison.
 U - the +8 morningstar of the Fifty Hells (offhand) {flame, rN+ Dex+7}
   (Trog gifted it to you on level 1 of the Lair of Beasts)

   Dex+7:     It affects your dexterity (+7).
   rN+:       It protects you from negative energy.
Missiles
 f - 16 poisoned darts
 m - 5 atropa-tipped darts (quivered)
 p - 8 curare-tipped darts
 V - 2 throwing nets
Armour
 q - a +0 scale mail of fire resistance
 B - a +1 pair of gloves of dexterity (worn)
 D - a +0 cloak (worn)
 J - the +0 pair of boots of Ves Cuyrgh (worn) {Dex+3 Stlth+}
   (You found it on level 1 of the Lair of Beasts)

   Dex+3:     It affects your dexterity (+3).
   Stlth+:    It makes you more stealthy.
 L - the +1 ring mail "Quolor" (worn) {rN+ Regen+}
   (You found it on level 10 of the Dungeon)

   rN+:       It protects you from negative energy.
   Regen+:    It increases your rate of health regeneration.
 M - a +1 helmet (worn)
Gizmo
 T - a thermoadeledicnander core (installed) {Gadgeteer, rF+ Slay+3}
   (You invented it yourself on level 15 of the Dungeon)

   [thermoadeledicnander core]

   Gadgeteer: Your evocable items recharge 30% faster and wands have a 30%
   chance to not spend a charge.
   Slay+3:    It affects your accuracy & damage with ranged weapons and melee
   (+3).
   rF+:       It protects you from fire.
Wands
 a - a wand of polymorph (6)
 c - a wand of light (20)
 v - a wand of mindburst (23)
 z - a wand of roots (17)
 C - a wand of flame (58)
 E - a wand of paralysis (22)
 O - a wand of digging (7)
Scrolls
 d - 3 scrolls of immolation
 e - 3 scrolls of enchant armour
 g - 7 scrolls of teleportation
 h - 5 scrolls of torment
 j - 2 scrolls of silence
 r - 6 scrolls of blinking
 x - 5 scrolls of fear
 y - 5 scrolls of enchant weapon
 A - 5 scrolls of revelation
 H - 2 scrolls of vulnerability
 I - 3 scrolls of poison
 N - a scroll of fog
Potions
 b - 2 potions of brilliance
 i - 3 potions of invisibility
 k - 2 potions of lignification
 l - 3 potions of haste
 n - 3 potions of might
 o - 5 potions of cancellation
 t - 2 potions of heal wounds
 u - 4 potions of attraction
 w - 2 potions of mutation
 F - 6 potions of curing
 G - 2 potions of berserk rage
 K - 5 potions of resistance
 S - 2 potions of magic
 W - a potion of ambrosia
Miscellaneous
 P - a box of beasts


   Skills:
 + Level 17.5 Fighting
 - Level 16.0 Maces & Flails
 - Level 5.0 Armour
 - Level 12.5 Dodging
 * Level 18.5 Evocations


You had 16 spell levels left.
You didn't know any spells.
Your spell library was empty.

Dungeon Overview and Level Annotations

Branches:
Dungeon (15/15)            Temple (1/1) D:7            Lair (5/5) D:8
  Swamp (0/4) Lair:3       Spider (0/4) Lair:2        Slime (0/5) Lair:5
    Orc (2/2) D:11            Elf (0/3) Orc:2        Vaults (0/5) D:14
 Depths (2/4) D:15          Sewer (visited)         Ossuary (visited)

Altars:
Ashenzari
Cheibriados
Dithmenos
Elyvilon
Fedhas
Gozag
Hepliaklqana
Kikubaaqudgha
Makhleb
Nemelex Xobeh
Okawaru
Qazlal
Ru
Sif Muna
Trog
Uskayaw
Vehumet
Wu Jian
Xom
Yredelemnul
Zin
The Shining One
Beogh
Jiyva

Shops:
D:6 *   D:7 *   D:9 *   D:11 !*:   Orc:2 [**(   Depths:1 [:

Portals:
Hell: Depths:1
Pandemonium: Depths:2
Ziggurat: Depths:2

Annotations:
D:6 3 runed translucent doors, JoadsterXIII's ghost, novice TrSh
D:7 3 runed translucent doors, promet's ghost, amateur TeHW
Temple 2 transporters
Lair:2 2 transporters, jestert79's ghost, adept FoHu


Innate Abilities, Weirdness & Mutations

You can wield a second weapon in your off-hand.
It takes a long time for you to wield or remove held weapons.
Your first few attacks do less damage.
You cannot equip rings or amulets.


Message History

You burn the stone giant!
You kill the stone giant!
Trog accepts your kill.
You puncture the rakshasa with the +8 morningstar of the Fifty Hells!
You burn the rakshasa.
The rakshasa is moderately wounded.
You whack the rakshasa with the +8 whip "Conservator"!
You impale the rakshasa with the +8 morningstar of the Fifty Hells!!
You burn the rakshasa!
The rakshasa is almost dead.
You whack the rakshasa with the +8 whip "Conservator"!
You kill the rakshasa!
Trog accepts your kill.
You whack the fire giant with the +8 whip "Conservator"!
The fire giant is lightly wounded.
You barely miss the fire giant with the +8 morningstar of the Fifty Hells.
You barely miss the fire giant with the +8 whip "Conservator".
The fire giant is lightly wounded.
You barely miss the fire giant with the +8 morningstar of the Fifty Hells.
You barely miss the fire giant with the +8 morningstar of the Fifty Hells.
The fire giant is lightly wounded.
You thrash the fire giant with the +8 whip "Conservator"!!
The fire giant hits you with a +0 great sword of flaming.
* * * LOW HITPOINT WARNING * * *
The fire giant burns you.
* * * LOW HITPOINT WARNING * * *
You sock the fire giant with the +8 morningstar of the Fifty Hells!
The fire giant is heavily wounded.
You barely miss the fire giant with the +8 whip "Conservator".
You bludgeon the fire giant with the +8 morningstar of the Fifty Hells!!
You burn the fire giant.
The fire giant is severely wounded.
You barely miss the fire giant with the +8 whip "Conservator".
The fire giant hits you with a +0 great sword of flaming!!
* * * LOW HITPOINT WARNING * * *
The fire giant burns you.
* * * LOW HITPOINT WARNING * * *
The frost giant casts a spell at you. The bolt of cold hits you!!!
You die...

##......# ##....#
##...#....#....# ####...#
...#.#..# ########## #'#...C#
##.#..# #........###.....##. #..#
.# #........#.......'.. #..####
##+#.....###+##.## ###..#..#
##..#'##.##....#C#.###....#..#
+###......###...@)..'.#.#(##.#...
...#.......####.C...###...#......
...####...T'..#'###..'..).+..##..
......'...##......####....#...#..
..=...#####..........#....#...#..
..........#####......+......#..#.
#.....T..## ######+#.....###..#
##.......# #....'^...##.##..
###.....# ########.#...##.∩.##.


You could see a frost giant and a fire giant.

Vanquished Creatures
  A walking frostbound tome (Depths:1)
  2 sphinxes (Depths:1)
  A shadow dragon (Depths:1)
  2 frost giants (Depths:1)
  3 very ugly things (Depths:2)
  7 stone giants
  Nessos (Lair:5)
  2 spark wasps (Depths:2)
  Snorg (D:10)
  7 ettins
  A rakshasa (Depths:2)
  An ice dragon (Depths:1)
  A fire dragon (Depths:2)
  9 hydras
  6 vault guards
  2 spriggan air magi
  2 catoblepae
  An anaconda (Lair:3)
  A tengu warrior (D:14)
  5 boulder beetles
  3 two-headed ogres
  4 centaur warriors
  2 deep troll earth magi (Depths:2)
  4 spriggan berserkers
  2 death yaks
  2 orc high priests (Orc:2)
  Sonja (D:11)
  A hell knight (Depths:1)
  An iron troll (Depths:2)
  4 skysharks
  2 golden dragon zombies (Depths:2)
  A glowing orange brain (Depths:2)
  A spark wasp zombie (Depths:2)
  6 deep trolls
  2 bog bodies (Lair:3)
  Pikel (D:7)
  5 deep elf pyromancers
  3 necromancers
  A deep elf zephyrmancer (D:11)
  A wolf spider (Lair:2)
  An orc knight (D:14)
  2 manticores (D:12)
  25 ugly things
  Maurice (D:7)
  6 orc sorcerers
  3 cyclopes
  14 elephants
  A fire giant skeleton (Depths:2)
  5 black mambas
  A frost giant skeleton (Depths:2)
  A torpor snail (Lair:3)
  10 cane toads
  Jeremiah (D:8)
  An unseen horror (D:11)
  3 gargoyles (D:11)
  14 komodo dragons
  4 rime drakes
  3 tengu conjurers (D:15)
  2 kobold demonologists
  An unseen horror skeleton (D:7)
  2 trolls
  4 hornets
  19 blink frogs
  3 dream sheep (Lair:5)
  5 polar bears
  A tarantella (Lair:2)
  10 slime creatures
  2 shadows
  12 spriggans (Lair:5)
  4 wyverns
  2 wraiths
  3 basilisks
  5 humans (D:14)
  42 yaks
  A warg (Orc:2)
  22 vampire mosquitoes
  A steam dragon (Lair:2)
  An acid dragon (D:12)
  A swamp drake (shapeshifter) (D:15)
  23 water moccasins
  A swamp drake (D:11)
  A sky beast (D:7)
  5 black bears
  15 orc warriors
  Pargi (Sewer)
  3 ogres
  33 wolves
  4 boggarts (Lair:5)
  5 centaurs
  A lemure (D:7)
  3 phantoms
  An elf zombie (Ossuary)
  A kobold brigand (D:6)
  20 bullfrogs
  3 scorpions
  2 gnoll sergeants
  2 burial acolytes (Ossuary)
  4 wights (D:7)
  A water moccasin skeleton (D:7)
  A killer bee (D:7)
  6 howler monkeys
  A crimson imp (D:11)
  25 orc priests
  2 hounds
  3 human zombies
  3 jellies
  2 gnoll boudas
  An iron imp (D:11)
  A bullfrog skeleton (D:7)
  A centaur skeleton (D:7)
  3 iguanas
  33 orc wizards
  3 killer bee zombies (D:7)
  A hound zombie (Ossuary)
  2 mummies (Ossuary)
  A howler monkey zombie (Ossuary)
  11 gnolls
  9 adders
  A shadow imp (D:11)
  3 white imps
  A dart slug (D:3)
  2 ribbon worms (D:2)
  49 orcs
  6 bats
  7 endoplasms
  5 giant cockroaches
  5 goblins
  5 hobgoblins
  18 jackals
  2 quokkas (D:2)
  6 ball pythons
  10 frilled lizards
  11 kobolds
  3 rats
714 creatures vanquished.

Vanquished Creatures (collateral kills)
  2 orc sorcerers (Orc:2)
  2 orc warriors (Orc:2)
  2 orc priests (Orc:2)
  8 orc wizards (Orc:2)
  2 orcs (Orc:2)
16 creatures vanquished.

Vanquished Creatures (others)
  A vault guard (D:14)
  An orc (D:11)
2 creatures vanquished.

Grand Total: 732 creatures vanquished

Notes
Turn   | Place    | Note
-------+----------+-------------------------------------------
     0 | D:1      | Foxy the Coglin Berserker began the quest for the Orb.
     0 | D:1      | Reached XP level 1. HP: 18/18 MP: 1/1
   214 | D:1      | Reached XP level 2. HP: 24/24 MP: 2/2
   481 | D:1      | Reached XP level 3. HP: 22/29 MP: 3/3
   496 | D:1      | Reached ** piety under Trog
   686 | D:1      | Found a faded altar of an unknown god.
   746 | D:2      | Noticed a scorpion
   753 | D:2      | Killed a scorpion
   754 | D:2      | Reached XP level 4. HP: 37/37 MP: 4/4
  1108 | D:2      | Reached XP level 5. HP: 42/42 MP: 5/5
  1618 | D:3      | Found a glowing drain.
  1661 | Sewer    | Entered a sewer
  1684 | Sewer    | Reached *** piety under Trog
  1751 | Sewer    | Noticed Pargi
  1757 | Sewer    | Killed Pargi
  1758 | Sewer    | Reached XP level 6. HP: 48/48 MP: 6/6
  1765 | Sewer    | Identified the +3 scimitar of the Puffball {freeze, rF+ rC-
                  | rN+ rCorr}
  1975 | D:3      | Found an ornate altar of the Wu Jian Council.
  2261 | D:4      | Found a sand-covered staircase.
  2282 | Ossuary  | Entered an ossuary
  2282 | Ossuary  | Found a huge runed translucent gate.
  2282 | Ossuary  | Found a huge runed translucent gate.
  2282 | Ossuary  | Found a huge runed translucent gate.
  2282 | Ossuary  | Found a huge runed translucent gate.
  2282 | Ossuary  | Found a huge runed translucent gate.
  2282 | Ossuary  | Found a huge runed translucent gate.
  2282 | Ossuary  | Found a huge runed translucent gate.
  2282 | Ossuary  | Found a huge runed translucent gate.
  2282 | Ossuary  | Found a huge runed translucent gate.
  2287 | Ossuary  | Found a huge runed translucent gate.
  2287 | Ossuary  | Found a huge runed translucent gate.
  2288 | Ossuary  | Found a huge runed translucent gate.
  2288 | Ossuary  | Found a huge runed translucent gate.
  2290 | Ossuary  | Found a huge runed translucent gate.
  2290 | Ossuary  | Found a huge runed translucent gate.
  2295 | Ossuary  | Reached skill level 5 in Maces & Flails
  2298 | Ossuary  | Found a huge runed translucent gate.
  2298 | Ossuary  | Found a huge runed translucent gate.
  2298 | Ossuary  | Found a huge runed translucent gate.
  2298 | Ossuary  | Found a huge runed translucent gate.
  2299 | Ossuary  | Found a huge runed translucent gate.
  2299 | Ossuary  | Found a huge runed translucent gate.
  2299 | Ossuary  | Found a huge runed translucent gate.
  2301 | Ossuary  | Found a huge runed translucent gate.
  2301 | Ossuary  | Found a huge runed translucent gate.
  2302 | Ossuary  | Found a huge runed translucent gate.
  2302 | Ossuary  | Found a huge runed translucent gate.
  2303 | Ossuary  | Found a huge runed translucent gate.
  2303 | Ossuary  | Found a huge runed translucent gate.
  2305 | Ossuary  | Found a huge runed translucent gate.
  2305 | Ossuary  | Found a huge runed translucent gate.
  2390 | Ossuary  | Found a huge runed translucent gate.
  2390 | Ossuary  | Found a huge runed translucent gate.
  2390 | Ossuary  | Found a huge runed translucent gate.
  2390 | Ossuary  | Found a huge runed translucent gate.
  2390 | Ossuary  | Found a huge runed translucent gate.
  2411 | Ossuary  | Reached XP level 7. HP: 53/55 MP: 7/7
  3280 | D:5      | Entered Level 5 of the Dungeon
  3290 | D:5      | Reached skill level 5 in Fighting
  3487 | D:5      | Reached XP level 8. HP: 38/62 MP: 8/8
  3867 | D:5      | Reached **** piety under Trog
  4138 | D:6      | Found a broken altar of Ashenzari.
  4235 | D:6      | Found a runed translucent gate.
  4235 | D:6      | Found a runed translucent gate.
  4235 | D:6      | Found a runed translucent gate.
  4273 | D:6      | Found Tuxav's Assorted Antiques.
  4342 | D:6      | Found a shadowy altar of Dithmenos.
  4408 | D:6      | Noticed JoadsterXIII's ghost (novice TrSh)
  4544 | D:6      | Reached skill level 5 in Dodging
  4721 | D:6      | Found a shimmering altar of Xom.
  4721 | D:6      | Found a glowing silver altar of Zin.
  4721 | D:6      | Noticed an angel
  5092 | D:7      | Found a runed translucent gate.
  5092 | D:7      | Found a runed translucent gate.
  5092 | D:7      | Found a runed translucent gate.
  5092 | D:7      | Noticed promet's ghost (amateur TeHW)
  5092 | D:7      | Identified the +8 plate armour of Lethargy {-Cast rF+++
                  | Dex+3 SInv}
  5156 | D:7      | Found a staircase to the Ecumenical Temple.
  5170 | Temple   | Found a transporter.
  5170 | Temple   | Found a transporter.
  5170 | Temple   | Found a transporter.
  5170 | Temple   | Found a transporter.
  5170 | Temple   | Entered the Ecumenical Temple
  5358 | D:7      | Noticed Pikel
  5371 | D:7      | Killed Pikel
  5372 | D:7      | Reached XP level 9. HP: 71/71 MP: 9/9
  5449 | D:7      | Noticed Maurice
  5455 | D:7      | Maurice stole the +3 scimitar of the Puffball {freeze, rF+
                  | rC- rN+ rCorr}
  5456 | D:7      | Maurice stole 6 atropa-tipped darts
  5457 | D:7      | Maurice stole 343 gold
  5461 | D:7      | Killed Maurice
  5462 | D:7      | Found an opulent altar of Gozag.
  5544 | D:7      | Found Gozag's Platinum Reserve.
  5608 | D:7      | Identified the +2 falchion "Senk" {heavy, Int+7 Dex+2}
  6057 | D:7      | Reached XP level 10. HP: 78/79 MP: 10/10
  6074 | D:7      | Found an ancient bone altar of Kikubaaqudgha.
  6457 | D:7      | Found a roughly hewn altar of Beogh.
  6507 | D:8      | Noticed a kobold demonologist
  6515 | D:8      | Noticed a smoke demon
  6516 | D:8      | Killed a kobold demonologist
  6663 | D:8      | Noticed Jeremiah
  6682 | D:8      | Reached skill level 10 in Maces & Flails
  7028 | D:8      | Found a burning altar of Makhleb.
  7432 | D:8      | Found a staircase to the Lair.
  7496 | D:8      | Killed Jeremiah
  7632 | D:9      | Noticed a kobold demonologist
  7640 | D:9      | Killed a kobold demonologist
  7685 | D:9      | Noticed a two-headed ogre
  7694 | D:9      | Killed a two-headed ogre
  7695 | D:9      | Reached XP level 11. HP: 78/87 MP: 11/11
  7696 | D:9      | Found an iron altar of Okawaru.
  7845 | D:9      | Found a sacrificial altar of Ru.
  8045 | D:9      | Found Uruyrovou's General Store.
  8055 | D:9      | Bought a potion of curing for 36 gold pieces
  8099 | D:9      | Reached ***** piety under Trog
  8343 | D:10     | Entered Level 10 of the Dungeon
  8800 | D:10     | Found a basalt altar of Yredelemnul.
  8870 | D:10     | Noticed a two-headed ogre
  8877 | D:10     | Killed a two-headed ogre
  8970 | D:10     | Identified the +1 ring mail "Quolor" {rN+ Regen+}
  9005 | D:10     | Noticed Snorg
  9014 | D:10     | Killed Snorg
  9633 | D:11     | Found Efanoogh's General Store.
  9648 | D:11     | Bought a scroll of fog for 64 gold pieces
  9679 | D:11     | Found Byfac's Distillery.
  9706 | D:11     | Bought a potion of degeneration for 16 gold pieces
  9714 | D:11     | Noticed a cyclops
  9728 | D:11     | Killed a cyclops
  9880 | D:11     | Found a staircase to the Orcish Mines.
  9978 | D:11     | Noticed Sonja
  9991 | D:11     | Killed Sonja
  9992 | D:11     | Reached skill level 10 in Fighting
 10027 | D:11     | Found Mangum's Book Shoppe.
 10146 | D:11     | Reached skill level 1 in Evocations
 10146 | D:11     | Reached XP level 12. HP: 59/97 MP: 12/12
 10388 | D:11     | Reached skill level 2 in Evocations
 10398 | D:11     | Identified the +0 hat "Ynaqy" {-Tele rN+ rCorr}
 10529 | D:11     | You fall into a shaft and drop 1 floor!
 10844 | D:12     | HP: 3/97 [slime creature (14)]
 10850 | D:11     | Reached skill level 3 in Evocations
 11283 | D:12     | Reached skill level 4 in Evocations
 11488 | D:12     | Identified the ring of Arrival {rCorr Str+6 SInv}
 11666 | D:13     | Noticed a boulder beetle
 11685 | D:13     | Killed a boulder beetle
 11896 | D:13     | Noticed a centaur warrior
 11909 | D:13     | Killed a centaur warrior
 12099 | D:13     | Reached skill level 5 in Evocations
 12179 | D:13     | Noticed a boulder beetle
 12234 | D:13     | Killed a boulder beetle
 12545 | D:14     | Noticed a vault guard
 12545 | D:14     | Noticed a vault guard
 12545 | D:14     | Noticed a vault guard
 12557 | D:14     | Killed a vault guard
 12570 | D:13     | Killed a vault guard
 12571 | D:13     | Reached XP level 13. HP: 105/105 MP: 13/13
 12756 | D:14     | Noticed a vault guard
 12778 | D:14     | Killed a vault guard
 12787 | D:14     | Noticed a vault guard
 12796 | D:14     | Killed a vault guard
 12797 | D:14     | Reached skill level 6 in Evocations
 12857 | D:14     | Killed a vault guard
 12859 | D:14     | Noticed a vault guard
 12871 | D:14     | Killed a vault guard
 12872 | D:14     | Reached skill level 10 in Dodging
 12896 | D:14     | Reached skill level 5 in Armour
 12931 | D:14     | Found a gate to the Vaults.
 13003 | D:14     | Identified the +8 whip "Conservator" {pain, Int+2}
 13383 | D:14     | Reached skill level 7 in Evocations
 13636 | D:14     | Identified the +4 demon trident of Taxation {elec, rPois}
 13728 | D:14     | Reached skill level 8 in Evocations
 14239 | D:15     | Entered Level 15 of the Dungeon
 14301 | D:15     | Reached skill level 9 in Evocations
 14301 | D:15     | Noticed an ettin
 14336 | D:15     | Killed an ettin
 14357 | D:14     | Killed a vault guard
 14599 | D:15     | Reached skill level 10 in Evocations
 14755 | D:15     | Reached XP level 14. HP: 74/116 MP: 14/14
 14755 | D:15     | Acquired a thermoadeledicnander core {Gadgeteer, rF+
                  | Slay+3}
 15089 | D:15     | Found a staircase to the Depths.
 15231 | Lair:1   | Entered Level 1 of the Lair of Beasts
 15352 | Lair:1   | Identified the +8 morningstar of the Fifty Hells {flame,
                  | rN+ Dex+7} (Trog gifted it to you on level 1 of the Lair of
                  | Beasts)
 15352 | Lair:1   | Received a gift from Trog
 15386 | Lair:1   | Reached skill level 11 in Evocations
 15723 | Lair:1   | Identified the +0 pair of boots of Ves Cuyrgh {Dex+3
                  | Stlth+}
 15943 | Lair:2   | Noticed jestert79's ghost (adept FoHu)
 15946 | Lair:2   | Found a transporter.
 16267 | Lair:2   | Found a hole to the Spider Nest.
 16303 | Lair:2   | Found a transporter.
 16916 | Lair:2   | Identified a scroll of acquirement
 16935 | Lair:2   | Acquired a manual of Evocations
 17083 | Lair:3   | Reached skill level 12 in Evocations
 17456 | Lair:3   | Received a gift from Trog
 17457 | Lair:3   | Reached skill level 15 in Maces & Flails
 17601 | Lair:3   | Reached XP level 15. HP: 125/125 MP: 15/15
 17712 | Lair:3   | Found a staircase to the Swamp.
 17725 | Lair:3   | Reached skill level 13 in Evocations
 18689 | Lair:4   | Identified the +6 sling "Grom" {flame, *Slow rPois Str+4}
 18736 | Lair:4   | Reached skill level 14 in Evocations
 18984 | Lair:5   | Entered Level 5 of the Lair of Beasts
 19224 | Lair:5   | Reached ****** piety under Trog
 19289 | Lair:5   | Found a staircase to the Slime Pits.
 19289 | Lair:5   | Found a viscous altar of Jiyva.
 19301 | Lair:5   | Received a gift from Trog
 19508 | Lair:5   | Noticed Nessos
 19513 | Lair:5   | Killed Nessos
 19544 | Lair:5   | Identified the +0 chain mail of Wisdom {rElec rPois rC+
                  | Slay-6}
 19714 | Lair:5   | Reached skill level 15 in Evocations
 20371 | Orc:1    | Entered Level 1 of the Orcish Mines
 20798 | Orc:2    | Entered Level 2 of the Orcish Mines
 21009 | Orc:2    | Reached XP level 16. HP: 61/134 MP: 16/16
 21010 | Orc:2    | Received a gift from Trog
 21025 | Orc:2    | Found Willygon's Weapon Emporium.
 21025 | Orc:2    | Found Nitt's Assorted Antiques.
 21043 | Orc:2    | Found Gioff's Armour Shoppe.
 21060 | Orc:2    | Found Yluap's Assorted Antiques.
 21133 | Orc:2    | Found a staircase to the Elven Halls.
 21502 | Orc:2    | Paralysed by an orc sorcerer for 3 turns
 21637 | Orc:2    | Bought 3 scrolls of identify for 138 gold pieces
 21641 | Orc:2    | Bought a +1 pair of gloves of dexterity for 181 gold pieces
 21820 | Depths:1 | Entered Level 1 of the Depths
 21828 | D:15     | Reached skill level 15 in Fighting
 21902 | Depths:1 | Found Unist's Armour Emporium.
 21924 | Depths:1 | Found Heep's Book Emporium.
 22266 | Depths:1 | Found a gateway to Hell.
 22321 | Depths:1 | Found a blossoming altar of Fedhas.
 22512 | Depths:1 | Noticed a walking frostbound tome
 22512 | Depths:1 | Noticed a sphinx
 22532 | Depths:1 | Killed a sphinx
 22559 | Depths:1 | Noticed a sphinx
 22560 | Depths:1 | Noticed a shadow dragon
 22573 | Depths:1 | Killed a sphinx
 22573 | Depths:1 | Received a gift from Trog
 22575 | Depths:1 | Noticed a tentacled monstrosity
 22576 | Depths:1 | Killed a shadow dragon
 22582 | Depths:1 | Killed a walking frostbound tome
 22715 | Depths:1 | Identified the +5 sling of Qaigyny {drain, *Slow Fly rPois
                  | Will+}
 22827 | Depths:2 | Found a one-way gateway to a ziggurat.
 23063 | Depths:2 | Reached skill level 16 in Evocations
 23167 | Depths:2 | Reached skill level 17 in Evocations
 23319 | Depths:2 | Reached XP level 17. HP: 147/147 MP: 17/17
 23363 | Depths:2 | Reached skill level 18 in Evocations
 23395 | Depths:2 | Noticed a lich
 23409 | Depths:2 | Found a one-way gate leading to the halls of Pandemonium.
 23438 | Depths:2 | Killed from afar by a frost giant

Illustrated notes

Levels and vault maps discovered:
D:1:      minmay_arrival_plants_in_alcoves, layout_basic,
          shapermc_ecumenical_altar_acropolis
D:2:      layout_basic, kennysheep_pointless_box, serial_bayou_crossing
D:3:      layout_basic, nzn_wu_jian_council_hall, gup_sewer_entry_glass,
          minmay_lizard_king
D:4:      layout_basic, lightli_ossuary_entry_decrepit_ruins
D:5:      layout_cave_pools, grunt_ministairs_7
D:6:      layout_loops_cross, nicolae_dithmenos_shadow_blocks,
          nicolae_ashenzari_skybound, grunt_temple_overflow_order_and_chaos_1,
          gammafunk_ghost_icy, serial_shops, shop
D:7:      layout_loops_corners, lemuel_mausoleum_altar_kikubaaqudgha,
          nicolae_gozag_zags_fifth_avenue, minmay_temple_entry_statues_pillars,
          biasface_ghost_orc_armoury, minmay_between, uniq_pikel, uniq_maurice
D:8:      layout_basic, general_overflow_altar, due_lair_maze_entry_diamond,
          uniq_jeremiah
D:9:      layout_roguey, okawaru_trees_1, marbit_many_paths, serial_shops,
          shop_coins
D:10:     layout_stronghold, mainiacjoe_overflow_24_doors, serial_column_ruins,
          column_ruins_grid_1, column_ruins_open_tiny, column_ruins_columns_T,
          column_ruins_open_medium, column_ruins_columns_water, moated_statue,
          grunt_ministairs_1, uniq_snorg
D:11:     layout_rooms, orc_0_dummy, serial_shops, shop, shop,
          nicolae_shop_crystal, hangedman_minor_magic, uniq_sonja
D:12:     layout_grid_maze
D:13:     layout_basic
D:14:     minmay_wavy_crystal, layout_irregular_city, ximxim_vaults_locker_room,
          minmay_misc_feat_four_crosses
D:15:     hangedman_depths_entry_civil_slaughter, layout_long_grid,
          minmay_misc_feat_tiny
Temple:   hellmonk_temple_divided_pantheon
Lair:1:   layout_roguey, grunt_forest_large_clearings
Lair:2:   layout_loops_ring, spider_nest_entry_rubble, gammafunk_ghost_arena,
          roderic_carrion_pond, chequers_serial_rivers_large_a, ldierk_geyser,
          minmay_shattered_shrine, infiniplex_staircase_pool_2
Lair:3:   layout_cave_pods, skrybe_swamp_entry_bodies, st_stairs_9,
          nzn_random_ring
Lair:4:   layout_cave_pods
Lair:5:   minmay_lair_end_enchanted_forest, layout_layer_cave, slime_entry_1,
          lemuel_fruit_fields, serial_bayou_shore_a, lemuel_fruit_tree,
          uniq_nessos
Orc:1:    layout_diamond_mine
Orc:2:    st_orc_mages, layout_diamond_mine
Depths:1: layout_basic, serial_shops, shop, nicolae_shop_gibbet_a_chance,
          fedhas_altar_3, hell_entry, st_stairs_14, grunt_ministairs_7,
          hangedman_decor_lopped, minmay_checkered_concentric_circles
Depths:2: grunt_twisty_corner, layout_honeycomb, enter_ziggurat_f,
          rand_demon_pan_entry_8, hangedman_abyss_or_decor_stagger,
          grunt_hell_entry_dis_mu, serial_bayou_shore_b,
          infiniplex_staircase_split_hallway

Skill      XL: |  1  2  3  4  5  6  7  8  9 10 11 12 13 14 15 16 17 |
---------------+----------------------------------------------------+-----
Maces & Flails | 3 4 5 6 8 9 11 12 13 14 15 16 | 16.0
Dodging        | 2 3 4 5 6 7 8 9 10 11 12 | 12.5
Fighting       | 4 5 6 7 8 10 12 13 14 17 | 17.5
Armour         | 2 4 5 |  5.0
Evocations     | 1 5 10 12 15 17 18 | 18.5

Action                     |  1- 3 |  4- 6 |  7- 9 | 10-12 | 13-15 | 16-18 || total
---------------------------+-------+-------+-------+-------+-------+-------++-------
  Melee: Mace              |    50 |   173 |   275 |   424 |    78 |       ||  1000
         Dagger            |     4 |       |       |       |       |       ||     4
         Club              |    43 |    44 |       |       |       |       ||    87
         Whip              |       |       |    59 |   408 |  1058 |   232 ||  1757
         Morningstar       |       |       |       |       |   509 |   255 ||   764
  Throw: Dart              |       |       |       |     4 |     5 |       ||     9
 Invoke: Berserk           |     1 |     2 |     3 |    22 |    15 |    13 ||    56
Ability: Invent Gizmo      |       |       |       |       |     1 |       ||     1
  Evoke: Wand              |       |       |       |       |     3 |     2 ||     5
         Box of beasts     |       |       |       |       |     1 |       ||     1
    Use: Scroll            |       |     1 |     7 |     3 |    10 |    14 ||    35
         Potion            |       |       |       |     1 |       |       ||     1
   Stab: Sleeping          |     1 |       |       |       |     9 |     1 ||    11
         Paralysed         |       |       |       |       |    17 |       ||    17
         Invisible         |       |       |       |       |     3 |     2 ||     5
         Petrified         |       |       |       |       |     4 |       ||     4
         Distracted        |       |       |       |       |     2 |     4 ||     6
 Armour: Animal skin       |    29 |       |       |       |       |       ||    29
         Ring mail         |       |    86 |   173 |   237 |   467 |   145 ||  1108
         Leather armour    |       |       |       |    70 |       |       ||    70
  Dodge: Dodged            |    25 |    89 |   137 |   288 |   519 |   169 ||  1227

Table legend: (Time is in decaauts)
 A = Elapsed time spent in this place.
 B = Non-inter-level travel time spent in this place.
 C = Inter-level travel time spent in this place.
 D = Time resting spent in this place.
 E = Time spent auto-exploring this place.
 F = Levels seen in this place.
 G = Mean time per level.
                   A        B        C        D        E       F      G
               +--------+--------+--------+--------+--------+-----+--------+
         Total |  23601 |  22120 |   1481 |   1659 |  15446 |  27 |  874.1 |
       Dungeon |  15240 |  14296 |    944 |   1095 |  10048 |  15 | 1016.0 |
        Temple |     33 |     24 |      9 |      0 |      0 |   1 |   33.0 |
          Lair |   4937 |   4570 |    367 |     84 |   3591 |   5 |  987.4 |
  Orcish Mines |   1297 |   1149 |    148 |     35 |    834 |   2 |  648.5 |
        Depths |   1588 |   1577 |     11 |    257 |    827 |   2 |  794.0 |
         Sewer |    170 |    170 |      0 |      0 |     98 |   1 |  170.0 |
       Ossuary |    333 |    333 |      0 |    187 |     47 |   1 |  333.0 |
               +--------+--------+--------+--------+--------+-----+--------+

Top non-repeatable levels by time:
    D:14: 1774 daAuts
     D:7: 1409 daAuts
    D:10: 1352 daAuts
  Lair:3: 1232 daAuts
    D:11: 1231 daAuts
     D:8: 1191 daAuts
  Lair:5: 1169 daAuts
  Lair:2: 1023 daAuts
    D:12: 981 daAuts
    D:13: 930 daAuts
     D:6: 922 daAuts
    D:15: 908 daAuts
Depths:1: 906 daAuts
   Orc:2: 873 daAuts
  Lair:4: 822 daAuts
